Cogmind - Beta 11 X7 @@@ ROGUE MODE // 2021.08.29 @ 19:12:22 Player: AlmondRoll Result: Destroyed by S-27 Virus with Autogun Performance ------------- Evolutions (1) 500 Regions Visited (5) 1000 Robots Destroyed (72) 360 Value Destroyed (1396) 1396 Prototype IDs (15) 300 Alien Tech Used (0) 0 Bonus (878) 878 TOTAL SCORE: 4434 Bonus ------- High Alert Combat Kills 51 Follower Combat Kills 227 Met Imprinter 300 Was Imprinted 300 Cogmind --------- Core Integrity 0/400 Matter 220/300 Energy 43/100 System Corruption 8% Temperature Cool (0) Movement Core (50) Location -6/Proximity Caves Parts ------- > --- POWER (1) -------- (None) > --- PROPULSION (2) --- (None) > --- UTILITY (4) ------ Experimental Signal Interpreter Experimental Targeting Computer Experimental Target Analyzer > --- WEAPON (2) ------- (None) > --- INVENTORY (5) ---- Experimental Sensor Array Storm Laser Peak State ------------ > --- POWER ------------ Fission Core > --- PROPULSION ------- Spiked Medium Treads Spiked Medium Treads > --- UTILITY ---------- Improved Cooling System Large Storage Unit Experimental Target Analyzer Medium Armor Plating > --- WEAPON ----------- Improved Assault Rifle Improved Assault Rifle > --- INVENTORY -------- Light Treads Cooling System Experimental Optical Array Experimental Sensor Array Advanced Signal Interpreter Experimental Signal Interpreter Experimental Terrain Scan Processor Experimental Targeting Computer Experimental Core Analyzer Experimental Armor Integrity Analyzer Hacking Drone Bay Storm Laser [Rating: 47] Favorites ----------- Power Cooled Ion Engine Engine Cooled Ion Engine Power Core Fission Core Propulsion Light Treads Treads Light Treads Leg Aluminum Leg Wheel Compact Wheel Utility Large Storage Unit Device Cooling System Storage Large Storage Unit Processor Experimental Target Analyzer Hackware Hacking Suite Protection Medium Armor Plating Weapon Improved Assault Rifle Energy Gun Medium Laser Energy Cannon Advanced Beam Cannon Ballistic Gun Improved Assault Rifle Build | -11 -10 -9 -9 -7 -6 ------- Run | Scr Mat Mat Min Zio Pro Slots Evolved 2 | . . 2 . . . Power . | . . . . . . Propulsion . | . . . . . . Utility 2 | . . 2 . . . Weapon . | . . . . . . Parts Attached 65 | 5 22 14 2 14 8 Power 6 | . 4 1 . 1 . Engine 4 | . 3 1 . . . Core 2 | . 1 . . 1 . Reactor . | . . . . . . Propulsion 21 | 2 10 3 1 4 1 Treads 13 | . 4 3 1 4 1 Leg . | . . . . . . Wheel 8 | 2 6 . . . . Hover . | . . . . . . Flight . | . . . . . . Utility 26 | 2 3 6 1 8 6 Device 8 | 1 1 2 . 3 1 Storage 2 | . 1 1 . . . Processor 7 | 1 . . . 1 5 Hackware 2 | . . 1 . 1 . Protection 7 | . 1 2 1 3 . Artifact . | . . . . . . Weapon 12 | 1 5 4 . 1 1 Energy Gun 3 | . 3 . . . . Energy Cannon 1 | . . 1 . . . Ballistic Gun 8 | 1 2 3 . 1 1 Ballistic Cannon . | . . . . . . Launcher . | . . . . . . Special Weapon . | . . . . . . Impact Weapon . | . . . . . . Slashing Weapon . | . . . . . . Piercing Weapon . | . . . . . . Special Melee Weapon . | . . . . . . Unidentified Prototypes 9 | . . 3 . 1 5 Parts Lost 13 | . 6 . . . 7 Power 4 | . 3 . . . 1 Propulsion 2 | . . . . . 2 Utility 2 | . . . . . 2 Weapon 5 | . 3 . . . 2 Highest Loss Streak 7 | . 2 . . . 7 Average Slot Usage (%) 97 | . 92 97 100 100 92 Engine 9 | . 8 11 11 9 . Core 1 | . 2 . . 1 9 Treads 17 | . 3 18 22 22 20 Wheel 5 | . 24 3 . . . Device 10 | . 9 10 11 11 9 Storage 11 | . 13 11 11 11 10 Processor 3 | . . . . 7 12 Hackware 4 | . . 8 11 3 . Protection 9 | . 2 12 11 10 8 Energy Gun 3 | . 18 . . . . Ballistic Gun 18 | . 7 18 22 22 19 Naked Turns . | . . . . . . Heaviest Build 65 | 12 54 65 41 50 45 Greatest Support 56 | 26 32 40 40 56 56 Greatest Overweight (x) 2 | . 1 2 1 1 1 Average Overweight (x) . | . . . . . . Largest Inventory Capacity 20 | 8 20 20 15 15 15 Average Capacity 16 | 7 19 15 15 15 14 Most Carried 20 | 6 20 20 15 15 15 Average Carried 14 | 4 14 15 14 14 14 Final Capacity 20 | 5 20 15 15 15 5 Final Carried 20 | 4 20 15 15 15 5 Class Distribution -------------------- 72% | Mutant 26% | Scavenger-Mutant Dominant Class ---------------- Mutant | -10/Materials Scavenger-Mutant | -9/Materials Mutant | -9/Mines Mutant | -7/Zion Scavenger-Mutant | -6/Proximity Caves Resources | -11 -10 -9 -9 -7 -6 ----------- Run | Scr Mat Mat Min Zio Pro Matter Collected 1231 | 254 298 420 55 134 70 Remotely . | . . . . . . Salvage Created 2260 | 87 1079 1025 49 . 20 Parts 143 | 6 58 74 4 . 1 Haulers Intercepted 5 | . 2 3 . . . Recyclers Shooed 6 | . 6 . . . . Parts Field Recycled . | . . . . . . Retrieved Matter . | . . . . . . Parts Self-Destructed 14 | . . . . . 14 Prevented 1 | . . . . . 1 Kills | -11 -10 -9 -9 -7 -6 ------- Run | Scr Mat Mat Min Zio Pro Combat Hostiles Destroyed 44 | . 18 22 3 . 1 Guns 32 | . 15 13 3 . 1 Cannons 9 | . . 9 . . . AOE 2 | . 2 . . . . Classes Destroyed 10 | 2 7 1 . . . Worker 4 | . 1 3 . . . Builder 4 | . 2 2 . . . Tunneler 2 | 1 1 . . . . Hauler 5 | . 2 3 . . . Recycler 4 | 1 3 . . . . Operator 5 | . 3 2 . . . Watcher 4 | . 3 1 . . . Swarmer 18 | . 6 8 3 . 1 Grunt 23 | . 12 11 . . . Sentry 3 | . . 3 . . . Best Kill Streak 8 | 2 6 8 3 . 1 Combat Bots Only 6 | . 5 6 3 . 1 Max Kills in Single Turn 2 | 1 2 2 1 . 1 Gunslinging . | . . . . . . Exploded 2 | . 2 . . . . Melee . | . . . . . . Uniques/NPCs Destroyed . | . . . . . . Combat | -11 -10 -9 -9 -7 -6 -------- Run | Scr Mat Mat Min Zio Pro Damage Taken 3057 | . 818 560 77 . 1602 Core 532 | . 127 101 8 . 296 Absorbed by Shields . | . . . . . . Core Remaining (%) 74 | 100 49 . . . . Volleys Fired 225 | 4 131 65 7 . 18 Largest 2 | 2 2 2 2 . 2 Hottest 100 | 70 100 91 46 . 46 Shots Fired 387 | 8 202 130 14 . 33 Gun 351 | 8 202 94 14 . 33 Cannon 36 | . . 36 . . . Launcher . | . . . . . . Special . | . . . . . . Kinetic 192 | 4 47 94 14 . 33 Thermal 195 | 4 155 36 . . . Explosive . | . . . . . . Electromagnetic . | . . . . . . Robot Hit Streak 17 | 7 17 12 10 . 8 Robot Miss Streak 5 | . 5 4 1 . 2 Penetration Max . | . . . . . . Secondary Targets . | . . . . . . Shots Hit Robots 254 | 7 126 86 11 . 24 Core Hits 105 | 3 49 41 4 . 8 Critical Kills . | . . . . . . Critical Parts Destroyed 2 | . . . . . 2 Critical Strikes 10 | . 8 . . . 2 Burn 8 | . 8 . . . . Destroy 2 | . . . . . 2 Melee Attacks . | . . . . . . Impact . | . . . . . . Slashing . | . . . . . . Piercing . | . . . . . . Sneak Attacks . | . . . . . . Combat Hostiles . | . . . . . . Follow-up Attacks . | . . . . . . Damage Inflicted 4099 | 69 1928 1548 178 . 376 Guns 3282 | 69 1605 1058 174 . 376 Cannons 490 | . . 490 . . . Explosions 323 | . 323 . . . . Melee . | . . . . . . Ramming 4 | . . . 4 . . Kinetic 1943 | 19 316 1058 174 . 376 Thermal 2152 | 50 1612 490 . . . Explosive . | . . . . . . Electromagnetic . | . . . . . . Impact . | . . . . . . Slashing . | . . . . . . Piercing . | . . . . . . Highest Corruption 8 | . 4 . . . 8 Average Corruption 2 | . 1 . . . 6 Corruption Purged . | . . . . . . Effects 5 | . 5 . . . . Message Errors 3 | . 3 . . . . Heat Flow Errors 2 | . 2 . . . . Overload Shots . | . . . . . . Overflow Damage 122 | . 122 . . . . Projectiles . | . . . . . . Explosions 122 | . 122 . . . . Melee . | . . . . . . Knockbacks . | . . . . . . Impact . | . . . . . . Kinetic . | . . . . . . Secondary . | . . . . . . Self-Inflicted Damage 69 | . 69 . . . . Shots 1 | . 1 . . . . Rammed 2 | . . . 2 . . Targets Rammed 2 | . . . 2 . . Kicked . | . . . . . . Crushed . | . . . . . . Highest Temperature 240 | 80 240 111 . . 13 Average Temperature 83 | 37 95 34 . . 6 Received Heat Transfer 1203 | . 270 162 . . 771 Effects 2 | . 2 . . . . Interference 2 | . 2 . . . . Siege Activations . | . . . . . . Robots Corrupted . | . . . . . . Combat Hostiles . | . . . . . . Parts Fried . | . . . . . . Impact Corruptions . | . . . . . . Robots Melted 2 | . 2 . . . . Combat Hostiles 1 | . 1 . . . . Parts Melted 9 | . 9 . . . . Heat Transferred 5652 | 148 4653 851 . . . Parts Sabotaged . | . . . . . . Parts Stolen . | . . . . . . Parts Stripped . | . . . . . . Power Chain Reactions . | . . . . . . Missiles Intercepted . | . . . . . . Alert | -11 -10 -9 -9 -7 -6 ------- Run | Scr Mat Mat Min Zio Pro Peak Influence 569 | 10 425 569 202 . . Initial 96 | . 6 96 56 . . Average 183 | 5 259 234 44 . . Maximum Alert Level 2 | . 2 2 1 . . Low Security (%) 49 | 100 10 55 88 . . Level 1 39 | . 88 10 11 . . Level 2 10 | . . 34 . . . Level 3 . | . . . . . . Level 4 . | . . . . . . Level 5 . | . . . . . . High Security . | . . . . . . Max Security . | . . . . . . Squads Dispatched 7 | . 4 3 . . . Investigation 2 | . 1 1 . . . Extermination . | . . . . . . Reinforcement 5 | . 3 2 . . . Assault . | . . . . . . Garrison . | . . . . . . Intercept . | . . . . . . Construction Impeded . | . . . . . . Haulers Reinforced . | . . . . . . Active Scanning Responses . | . . . . . . Cargo Convoy Interrupts . | . . . . . . Stealth | -11 -10 -9 -9 -7 -6 --------- Run | Scr Mat Mat Min Zio Pro Distress Signals 1 | . 1 . . . . Communications Jammed . | . . . . . . Distress Signals . | . . . . . . Times Spotted 96 | . 38 35 6 . 17 Peak Tracking Total 13 | . 7 8 4 . 13 Tactical Retreats 6 | . 3 1 . . 2 Traps | -11 -10 -9 -9 -7 -6 ------- Run | Scr Mat Mat Min Zio Pro Traps Triggered 7 | . 6 1 . . . Indirectly . | . . . . . . Trap Hack Attempts . | . . . . . . Triggered . | . . . . . . Disarmed . | . . . . . . Reprogrammed . | . . . . . . Reused . | . . . . . . Traps Extracted . | . . . . . . Installed . | . . . . . . Triggered . | . . . . . . Machines | -11 -10 -9 -9 -7 -6 ---------- Run | Scr Mat Mat Min Zio Pro Machines Disabled 5 | . 3 2 . . . Max in Single Turn 2 | . 2 2 . . . Machines Sabotaged . | . . . . . . Garrisons Compromised . | . . . . . . Overloaded Fab Kills . | . . . . . . Fab Network Shutdowns . | . . . . . . Hacking | -11 -10 -9 -9 -7 -6 --------- Run | Scr Mat Mat Min Zio Pro Machines Accessed 14 | . 7 7 . . . Terminals 11 | . 5 6 . . . Fabricators . | . . . . . . Repair Stations 1 | . . 1 . . . Recycling Units 2 | . 2 . . . . Scanalyzers . | . . . . . . Garrison Access . | . . . . . . Total Hacks 46 | . 19 27 . . . Successful 26 | . 7 19 . . . Failed 19 | . 12 7 . . . Catastrophic 3 | . 1 2 . . . Database Lockouts 1 | . . 1 . . . Manual 24 | . 16 8 . . . Terminals 41 | . 16 25 . . . Fabricators . | . . . . . . Repair Stations 2 | . . 2 . . . Recycling Units 3 | . 3 . . . . Scanalyzers . | . . . . . . Garrison Access . | . . . . . . Terminal Hacks 16 | . 2 14 . . . Robot Analysis 3 | . 2 1 . . . Prototype ID Bank 3 | . . 3 . . . Terminal Index 1 | . . 1 . . . Alert Level 3 | . . 3 . . . Unreport Threat 3 | . . 3 . . . Locate Traps 1 | . . 1 . . . Patrol Status 1 | . . 1 . . . Hauler Manifests 1 | . . 1 . . . Fabricator Hacks . | . . . . . . Repair Station Hacks 2 | . . 2 . . . Scan Component 1 | . . 1 . . . Repair 1 | . . 1 . . . Recycling Unit Hacks 2 | . 2 . . . . Retrieve Components 2 | . 2 . . . . Scanalyzer . | . . . . . . Garrison Access Hacks . | . . . . . . Unauthorized Hacks 6 | . 3 3 . . . Terminals 6 | . 3 3 . . . Botnet 4 | . 2 2 . . . Operators 2 | . 1 1 . . . Fabricators . | . . . . . . Repair Stations . | . . . . . . Recycling Units . | . . . . . . Scanalyzers . | . . . . . . Garrison Access . | . . . . . . Data Cores Recovered . | . . . . . . Used . | . . . . . . Hacking Detections 12 | . 6 6 . . . Full Trace Events . | . . . . . . Feedback Events . | . . . . . . Feedback Blocked . | . . . . . . Robot Schematics Acquired . | . . . . . . Robots Built . | . . . . . . Matter . | . . . . . . Time . | . . . . . . Total Robot Build Rating . | . . . . . . Part Schematics Acquired . | . . . . . . Parts Built . | . . . . . . Matter . | . . . . . . Time . | . . . . . . Total Part Build Rating . | . . . . . . Parts Repaired 1 | . . 1 . . . Time 26 | . . 26 . . . Parts Recycled . | . . . . . . Recycled Matter . | . . . . . . Retrieved Matter . | . . . . . . Retrieved Components 7 | . 7 . . . . Parts Scanalyzed . | . . . . . . Part Schematics Acquired . | . . . . . . Parts Damaged . | . . . . . . Bothacking | -11 -10 -9 -9 -7 -6 ------------ Run | Scr Mat Mat Min Zio Pro Used RIF Installer . | . . . . . . Robots Hacked . | . . . . . . Non-combat . | . . . . . . Combat . | . . . . . . Robot Hacks Applied . | . . . . . . Relay Couplers Released . | . . . . . . Robots Rewired . | . . . . . . Allies Hacked . | . . . . . . Hacks Repelled . | . . . . . . Allies | -11 -10 -9 -9 -7 -6 -------- Run | Scr Mat Mat Min Zio Pro Total Allies 5 | . . . 1 4 . Largest Group 4 | . . . 1 4 4 Highest-Rated Group 151 | . . . 31 151 151 Highest-Rated Ally 39 | . . . 31 39 39 Total Orders . | . . . . . . Ally Attacks 33 | . . . 13 . 20 Total Damage 747 | . . . 185 . 562 Kills 9 | . . . 3 . 6 Allies Corrupted . | . . . . . . Allies Melted . | . . . . . . Intel | -11 -10 -9 -9 -7 -6 ------- Run | Scr Mat Mat Min Zio Pro Robot Analysis Total 3 | . 2 1 . . . Derelict Logs Recovered 5 | . . . 1 2 2 Drone Launches . | . . . . . . Drone Recoveries . | . . . . . . Exploration | -11 -10 -9 -9 -7 -6 ------------- Run | Scr Mat Mat Min Zio Pro Turns Passed 6369 | 26 1320 1095 1102 2423 403 Spaces Moved 3021 | 8 796 535 469 991 222 Core 19 | . . . . . 19 Treads 2079 | . . 416 469 991 203 Legs . | . . . . . . Wheels 923 | 8 796 119 . . . Hover . | . . . . . . Flight . | . . . . . . Fastest Speed 50 | 90 90 115 160 160 50 Average Speed 181 | 90 113 151 226 239 152 Slowest Speed 260 | 90 115 260 260 260 260 Overloaded Moves . | . . . . . . Propulsion Burnouts . | . . . . . . Robots Hopped . | . . . . . . Cave-ins Triggered . | . . . . . . Exploration Rate (%) 60 | 2 98 50 89 89 34 Regions Visited 5 Branch Regions 3 Pre-discovered Areas 1 | . . . . 1 . Known Exits Taken . | . . . . . . Unknown Exits Taken 5 | 1 1 1 1 1 . Scrap Searched 9 | . . . 2 4 3 Spaces Dug . | . . . . . . Terrain Destroyed 20 | . 20 . . . . Melee . | . . . . . . Projectile . | . . . . . . AOE 20 | . 20 . . . . Terrain Rammed . | . . . . . . Walls Destroyed . | . . . . . . Machines Disabled . | . . . . . . Actions | -11 -10 -9 -9 -7 -6 --------- Run | Scr Mat Mat Min Zio Pro Total 3531 | 19 1020 692 495 1048 257 Wait 83 | . 20 45 9 9 . Move 3016 | 7 795 534 468 990 222 Hop . | . . . . . . Pick Up 65 | . 33 15 3 13 1 Fast Attach 15 | 2 5 5 . 3 . Attach 18 | 2 7 1 . 2 6 Detach 2 | . 2 . . . . Swap 32 | 1 10 8 2 9 2 Drop 73 | 3 17 19 4 22 8 Fire 225 | 4 131 65 7 . 18 Melee . | . . . . . . Ram . | . . . . . . Kick . | . . . . . . Crush 2 | . . . 2 . . Escape Stasis . | . . . . . . Rewire . | . . . . . . Trap . | . . . . . . Miscellaneous . | . . . . . . Route ------- -11/Scrapyard -10/Materials (discovered 5 exits: *Mat x3 / [*Min x2]) -9/Materials (discovered 2 exits: [*Mat] / [*Min]) -9/Mines (discovered 3 exits: [*Mat x2] / [*Zio]) -7/Zion (discovered 2 exits: Dee / [*Pro]) -6/Proximity Caves (discovered 1 exit: Fac) History --------- Turn | Location | Event 17 | -11/Scrapyard | Discovered new exit (range 3) 27 | -11/Scrapyard | Entered Materials 311 | -10/Materials | Build established: Mutant 367 | -10/Materials | Discovered new exit (range 14) 651 | -10/Materials | Discovered new exit (range 6) 827 | -10/Materials | Discovered new exit (range 15) 975 | -10/Materials | Core integrity fell below 50% 984 | -10/Materials | Discovered new exit (range 12) 1078 | -10/Materials | Discovered new exit (range 14) 1347 | -10/Materials | Entered another Materials area 1347 | -9/Materials | Evolved 2 slots: Utility x2 1678 | -9/Materials | Discovered new exit (range 8) 1851 | -9/Materials | Build established: Scavenger-Mutant 2096 | -9/Materials | Repaired Lgt. Treads 2308 | -9/Materials | Central database locked down 2314 | -9/Materials | Discovered new exit (range 8) 2442 | -9/Materials | Entered Mines 2445 | -9/Mines | Received a Mining Laser from a helpful Derelict 2471 | -9/Mines | Discovered new exit (range 9) 2992 | -9/Mines | A Derelict revealed a hidden shortcut to a safe place 3014 | -9/Mines | Build established: Mutant 3043 | -9/Mines | Discovered new exit (range 9) 3150 | -9/Mines | Found a damaged Exp. Sensor Array with a note attached 3156 | -9/Mines | Found Prototype Device 3544 | -9/Mines | Entered Zion 3620 | -7/Zion | Acquired unknown access codes intercepted by a Zionite 3734 | -7/Zion | Given the Hacking Drone Bay 3735 | -7/Zion | Found Prototype Device 3777 | -7/Zion | Learned location of Extension (-6) 4319 | -7/Zion | Found Prototype Processor 4330 | -7/Zion | Found Prototype Processor 4334 | -7/Zion | Found Prototype Processor 4341 | -7/Zion | Found Prototype Processor 4345 | -7/Zion | Found Prototype Processor 4345 | -7/Zion | Identified Exp. Target Analyzer 4349 | -7/Zion | Found Prototype Processor 5091 | -7/Zion | Found Prototype Energy Gun 5370 | -7/Zion | Imprinted 5372 | -7/Zion | Declared Zion's savior 5792 | -7/Zion | Discovered new exit (range 16) 5804 | -7/Zion | Identified exit to Deep Caves 5967 | -7/Zion | Entered Proximity Caves 5967 | -6/Proximity Caves | Accompanied by 4 allies 5968 | -6/Proximity Caves | Identified exit to Factory 6000 | -6/Proximity Caves | Build established: Scavenger-Mutant 6008 | -6/Proximity Caves | Attracted the attention of an 0b10 checkpoint 6023 | -6/Proximity Caves | Learned Factory security intel 6274 | -6/Proximity Caves | Attracted the attention of an 0b10 base 6310 | -6/Proximity Caves | Core integrity fell below 50% 6348 | -6/Proximity Caves | Identified Exp. Signal Interpreter 6356 | -6/Proximity Caves | Identified Exp. Core Analyzer 6357 | -6/Proximity Caves | Identified Exp. Armor Integrity Analyzer 6359 | -6/Proximity Caves | Identified Exp. Targeting Computer 6360 | -6/Proximity Caves | Core integrity fell below 20% 6370 | -6/Proximity Caves | Destroyed by S-27 Virus with Autogun Last Messages --------------- 06316_ Imp. Cooling System destroyed. 06318_ Acquired 20 matter. 06331_ Fission Core destroyed. 06333_ Critical hit (Burn: +37). 06333_ Spk. Medium Treads destroyed. 06347_ Identified Exp. Optical Array. 06347_ Malfunction: System corrupted (+5). 06348_ Discarded Faulty Exp. Optical Array. 06348_ Identified Exp. Signal Interpreter. 06349_ Dropped Adv. Signal Interpreter. 06356_ Identified Exp. Core Analyzer. 06357_ Discarded Exp. Core Analyzer. 06357_ Identified Exp. Armor Integrity Analyzer. 06357_ Malfunction: System corrupted (+3). 06358_ Imp. Assault Rifle destroyed. 06358_ Discarded Faulty Exp. Armor Integrity Analyzer. 06359_ Identified Exp. Targeting Computer. 06360_ Dropped Lgt. Treads. 06360_ Dropped Lrg. Storage Unit. 06361_ Critical hit (Burn: +37). Map ----- +----------------------------------------------------+ | ###???# ######++######## #?????????????????????? | | % #???# ?????T??? """"""# #?????????????????????? | | ##??# ??? ???? # #?????????????????????? | | ##?? #?? ??? # #?????????????????????? | | ### #?? ####""# #?????????????????????? | | # #? !%! #?????????????????????? | | ## #? [% %=![%=#?????????????????????? | | # ### #??? " %==% !%=%#?????????????????????? | | ## #?# +???? "" =%=%! !![#?????????????????????? | | ?# ### +??? " *#####= #?????????????????????? | | ## #???? "????????# #?????????????????????? | | # #??????????????# #?????????????????????? | | #??????????????# #?????????????????????? | | # #??????????????# #?????????????????????? | | #??????????????# #?????????????????????? | | ########++###### #?????????????????????? | | ## % #?????????????????????? | | ?## = #?????????????????????? | | ??### #### ### ##?????????????????????? | | ????##### ##?# ## #??????????????????????? | | ????????## #?## ## #?###??????????????????? | | ?????????# #?# ## ## ##?????????????????? | | ?????????# #?# # ### ##????????????????? | | ?????????# ## ### !### ## #????????????????? | | ?????????###?### !!### # #?????????????????? | | ???????????????# !!## @ #?????????????????? | | ???????????????###=gg #????????????????? | | ?????????????????# #??????????????? | | ?????????????????# % #?????????????? | | ??????????????? " """ ???????????? | | ????????????? """"""" ##??????????? | | ????????????s # """"""" ## #???????????? | | ??????????? s # " """ #?##### #???????????? | | ??????????? ### ?# #???????##???????????? | | ??????????????# ?# ? #????????????????????? | | ??????????????#??### ?###????????????????????? | | ???????????????????? ?????????????????????????? | | ????????????????????#????????????????????????????? | | ?????????????????????????????????????????????????? | | ?????????????????????????????????????????????????? | | ?????????????????????????????????????????????????? | | ?????????????????????????????????????????????????? | | ?????????????????????????????????????????????????? | | ?????????????????????????????????????????????????? | | ?????????????????????????????????????????????????? | | ?????????????????????????????????????????????????? | | ?????????????????????????????????????????????????? | | ?????????????????????????????????????????????????? | | ?????????????????????????????????????????????????? | | ?????????????????????????????????????????????????? | +----------------------------------------------------+ Best States ------------- Heat Dissipation 55 Energy Generation 18 Energy Capacity 310 Matter Stores 300 Matter Capacity 300 Sight Range 16 Terrain Scan Range 16 Terrain Scan Density 60 Jamming Range 14 Armor Coverage 450 Evasion (%) 50 Targeting Accuracy 12 Target Analysis 10 Recoil Reduction 2 Offensive Hacking 20 Item Schematics ----------------- None Robot Schematics ------------------ None Fabricated ------------ Nothing Alien Tech Used ----------------- None Achievements -------------- None Challenges ------------ None Game ------ Seed BombardmentEnhancedBoregun Manual? 0 Play Time 00:55:18 Cumulative 316.2 hours Start 2021.08.29 @ 18:20:30 End 2021.08.29 @ 19:12:22 Sessions 1 Manual Loads 0 Difficulty Rogue Special Mode None Game No. 177 Rogue 177 Adventurer 0 Explorer 0 Win Type - Total 9 Types 6/0/1/2/0/0/0/0/0 Lore% 80 Gallery% 84 Achievement% 65 Wizard Run 0 Options --------- ASCII 0 Keyboard 0 Movement Numpad Keybinds 0 Fullscreen 1 Font 18/SmallcapsGlow Map View 76x50 Tactical HUD 1 Map Filters NONE Filters NONE Steam 1 RUN: 4586e19e-17aa-4c30-82ae-e48e1b9c2e8f